 Dungeon Crawl Stone Soup version 0.28-a0-1555-g9ae15a6949 (webtiles) character file.

Game seed: 14685347107481526164

88 croobank the Shield-Bearer (level 4, -2/33 (37) HPs)
             Began as a Formicid Fighter on Jan 18, 2022.
             Slain by an iguana (12 damage)
             ... on level 5 of the Dungeon.
             The game lasted 00:08:43 (2348 turns).

croobank the Shield-Bearer (Formicid Fighter)       Turns: 2348, Time: 00:08:44

HP:   -2/33 (37)    AC:  8    Str: 21    XL:     4   Next: 82%
MP:   5/5           EV:  9    Int:  9    God:
Gold: 86            SH:  4    Dex: 10    Spells: 5/5 levels left

rFire   . . .      SeeInvis +   a - +0 war axe
rCold   . . .      Faith    .   c - +0 buckler
rNeg    . . .      Spirit   .   b - +0 scale mail
rPois   .          Reflect  .   (helmet unavailable)
rElec   .          Harm     .   f - +0 cloak
rCorr   .          Rampage  .   (no gloves)
Will    .....                   (no boots)
Stlth   ..........              (no amulet)
HPRegen 0.11/turn               (no ring)
MPRegen 0.09/turn               (no ring)

@: heavily drained
A: permanent stasis, dig shafts and tunnels, antennae 3, four strong arms
a: Dig, Shaft Self


You were on level 5 of the Dungeon.
You visited 1 branch of the dungeon, and saw 6 of its levels.

You collected 86 gold pieces.

Inventory:

Hand Weapons
 a - a +0 war axe (weapon)
Missiles
 g - 70 stones
 h - 38 arrows
 m - 14 sling bullets
Armour
 b - a +0 scale mail (worn)
 c - a +0 buckler (worn)
 f - a +0 cloak (worn)
 l - a +0 plate armour
Scrolls
 j - a scroll of fear {unknown}
 k - a scroll of summoning {unknown}
 n - a scroll of identify {unknown}
 o - a scroll of immolation {unknown}
Potions
 i - a potion of lignification {unknown}
 p - 2 potions of curing {unknown}


   Skills:
 + Level 4.0 Fighting
 + Level 2.7 Axes
 + Level 3.8 Armour
 + Level 4.2 Shields
 + Level 1.2 Spellcasting


You had 5 spell levels left.
You didn't know any spells.
Your spell library contained the following spells:

 Spells                   Type           Power      Damage    Failure   Level
 Shock                    Conj/Air       0%         1d3       75%         1
 Corpse Rot               Necr/Air       0%         N/A       87%         2
 Poisonous Vapours        Pois/Air       0%         N/A       87%         2
 Airstrike                Air            0%         N/A       100%        4
 Swiftness                Air            Unusable   N/A       N/A         3

Dungeon Overview and Level Annotations

Branches:
Dungeon (6/15)
 Temple: D:4-7

Altars:

Annotations:
D:3 Jessica


Innate Abilities, Weirdness & Mutations

You cannot be hasted, slowed, berserked, paralysed or teleported.
You can dig through walls and to a lower floor.
You have a pair of large antennae on your head. (SInv)
Your four strong arms can wield two-handed weapons with a shield.


Message History

The jackal bites you but does no damage.
There is a stone staircase leading down here.
The jackal barely misses you.
You climb downwards.
The hound barks!
The iguana hisses angrily.
The hound bites you but does no damage. The iguana bites you.
The hound bites you.
Found a spear.
There is a stone staircase leading up here.
You closely miss the iguana. You barely miss the hound. You hit the jackal.
You block the jackal's attack. The hound barely misses you.
The iguana bites you.
* * * LOW HITPOINT WARNING * * *
The jackal barely misses you. The hound bites you.
* * * LOW HITPOINT WARNING * * *
Okay, then.
The jackal bites you but does no damage.
You block the hound's attack.
Really walk into that dispersal trap?
Okay, then.
The hound enters a dispersal trap!
The iguana blinks!
The jackal blinks!
The iguana blinks!
You feel a strange sense of stasis.
The hound blinks!
The jackal enters a dispersal trap!
The hound blinks! x2
You feel a strange sense of stasis.
The jackal blinks!
The hound enters a dispersal trap!
The iguana blinks!
The jackal blinks!
You feel a strange sense of stasis.
The hound blinks!
The jackal bites you but does no damage.
The hound enters a dispersal trap!
The jackal blinks! x3; The iguana blinks!
You feel a strange sense of stasis.
The hound blinks!
The hound enters a dispersal trap!
The jackal blinks!
You feel a strange sense of stasis.
The hound blinks!
You open the door.
An ogre comes into view. It is wielding a +0 giant club.
The ogre shouts!
You close the door.
An ogre opens the door.
You extend your mandibles.
You dig through the rock wall.
You feel drained.
You dig through the rock wall.
You feel drained. The iguana bites you!
You die...

# ########### #.
#.......... #..
#.......... #...
#..<.....l. #...O
#..........
#.....########.^........
#.....'O...h......).....
#.....###l####..........
#.... ##@# #..........
#... ### #.......... #..
{ ........ยง.. #.
............ #
.............
.....#######


You could see an ogre and an iguana.

Vanquished Creatures
  3 adders
  2 worms
  A dart slug (D:2)
  3 endoplasms
  4 giant cockroaches
  A goblin (D:1)
  7 hobgoblins
  2 quokkas (D:1)
  5 ball pythons
  3 bats
  3 frilled lizards
  17 kobolds
  4 rats (D:1)
55 creatures vanquished.

Vanquished Creatures (others)
  46 plants (D:4)
46 creatures vanquished.

Grand Total: 101 creatures vanquished

Notes
Turn   | Place    | Note
-------+----------+-------------------------------------------
     0 | D:1      | croobank the Formicid Fighter began the quest for the Orb.
     0 | D:1      | Reached XP level 1. HP: 18/18 MP: 1/1
   235 | D:1      | Reached XP level 2. HP: 10/24 MP: 2/2
   811 | D:1      | Reached XP level 3. HP: 28/29 MP: 3/3
  1539 | D:2      | Reached XP level 4. HP: 16/37 MP: 5/5
  1565 | D:2      | Reached skill level 1 in Spellcasting
  1998 | D:3      | Noticed Jessica
  2004 | D:3      | You fall into a shaft and drop 3 floors!
  2011 | D:5      | Entered Level 5 of the Dungeon
  2344 | D:5      | Noticed an ogre
  2348 | D:5      | Slain by an iguana

Illustrated notes

Levels and vault maps discovered:
D:1:      ncdulo_wetmaze, layout_loops_ring
D:2:      layout_loops_ring, lemuel_old_faithful
D:3:      layout_rooms, uniq_terence, uniq_jessica
D:4:      kennysheep_kobold_camp, layout_basic, mainiacjoe_overflow_alcove_1,
          portal_sewer_entry_b, ebering_ghost_sewer_d, kennysheep_boxes
D:5:      layout_basic, lemuel_crystal_altar, old_standard_altar,
          minmay_door_square
D:6:      layout_cave_pools, minmay_a_box_with_orc_wizards_in_it, uniq_duvessa

Skill      XL: |  1  2  3  4 |
---------------+-------------+-----
Shields        | 4 |  4.2
Spellcasting   | 1 |  1.2
Fighting       | 4 |  4.0
Axes           | |  2.7
Armour         | |  3.8

Action                   |  1- 3 |  4- 6 || total
-------------------------+-------+-------++-------
Melee: War axe           |    86 |    60 ||   146
 Abil: Dig               |       |     1 ||     1
       Shaft Self        |       |     1 ||     1
  Use: Potion            |       |     2 ||     2
Armor: Scale mail        |    49 |    29 ||    78
Dodge: Dodged            |    35 |    33 ||    68
Block: Buckler           |    14 |    15 ||    29

Table legend: (Time is in decaauts)
 A = Elapsed time spent in this place.
 B = Non-inter-level travel time spent in this place.
 C = Inter-level travel time spent in this place.
 D = Time resting spent in this place.
 E = Time spent auto-exploring this place.
 F = Levels seen in this place.
 G = Mean time per level.
                   A        B        C        D        E       F      G
               +--------+--------+--------+--------+--------+-----+--------+
         Total |   2414 |   2376 |     38 |    520 |   1207 |   6 |  402.3 |
       Dungeon |   2414 |   2376 |     38 |    520 |   1207 |   6 |  402.3 |
               +--------+--------+--------+--------+--------+-----+--------+

Top non-repeatable levels by time:
     D:1: 1144 daAuts
     D:2: 875 daAuts
     D:5: 224 daAuts
     D:4: 125 daAuts
     D:3: 37 daAuts
     D:6: 6 daAuts
